Map: Invader LE

Players

Showtime

  • Race: Protoss Protoss

Nerchio - Winner!

  • Race: Zerg Zerg

Event: DreamHack Open Tours WCS Spring Championship

VOD

https://youtu.be/EBJAX5OvKrU?t=44m2s

Description

Time

  • Played on: May 16, 2016, 9:12 a.m.
  • Length: 11:24

All games in this series

Show
View Real Time Build Order
Export as new Build Order

Showtime Protoss 

Build Orders: 1 Gate Expand 

Get SALT Encoding   

  12  0:00  Probe (Chrono Boost)  
  13  0:11  Probe (Chrono Boost)  
  14  0:21  Pylon  
  14  0:23  Probe (Chrono Boost)  
  15  0:39  Probe (Chrono Boost)  
  16  0:43  Gateway  
  16  0:46  Assimilator  
  16  0:50  Probe (Chrono Boost)  
  17  1:00  Probe (Chrono Boost)  
  19  1:11  Probe (Chrono Boost)  
  19  1:22  Probe (Chrono Boost)  
  20  1:27  Nexus  
  20  1:35  Cybernetics Core  
  20  1:39  Probe (Chrono Boost)  
  21  1:45  Assimilator  
  21  1:50  Probe (Chrono Boost)  
  21  1:53  Pylon  
  22  2:00  Probe (Chrono Boost)  
  23  2:08  Warp Gate (Chrono Boost)  
  23  2:11  Probe (Chrono Boost), Adept (Chrono Boost)  
  26  2:26  Mothership Core (Chrono Boost)  
  28  2:33  Adept (Chrono Boost)  
  30  2:42  Probe (Chrono Boost)  
  31  2:46  Probe  
  32  2:52  Gateway x2  
  32  2:54  Probe  
  32  2:57  Adept  
  32  2:59  Probe  
  35  3:06  Probe  
  35  3:11  Probe  
  37  3:18  Probe  
  38  3:23  Probe (Chrono Boost)  
  39  3:28  Pylon  
  39  3:31  Probe (Chrono Boost)  
  40  3:35  Probe (Chrono Boost)  
  41  3:42  Stargate  
  41  3:44  Probe (Chrono Boost)  
  42  3:48  Probe (Chrono Boost)  
  42  3:51  Stargate  
  42  3:55  Probe (Chrono Boost)  
  42  3:57  Pylon  
  42  3:59  Probe (Chrono Boost)  
  43  4:06  Probe (Chrono Boost), Adept x3  
  51  4:10  Probe (Chrono Boost)  
  51  4:15  Assimilator  
  51  4:16  Probe (Chrono Boost)  
  52  4:17  Assimilator  
  52  4:20  Probe (Chrono Boost)  
  52  4:23  Pylon  
  53  4:26  Probe (Chrono Boost)  
  53  4:28  Phoenix (Chrono Boost)  
  56  4:32  Probe  
  56  4:35  Probe  
  60  4:39  Phoenix (Chrono Boost)  
  60  4:45  Adept x3  
  66  4:53  Pylon  
  66  4:58  Phoenix (Chrono Boost)  
  68  5:04  Phoenix (Chrono Boost)  
  70  5:13  Nexus  
  70  5:16  Pylon  
  70  5:18  Probe  
  69  5:24  Phoenix (Chrono Boost)  
  69  5:26  Probe  
  72  5:33  Phoenix (Chrono Boost)  
  74  5:36  Probe  
  74  5:38  Probe  
  76  5:43  Robotics Facility  
  76  5:46  Phoenix (Chrono Boost)  
  78  5:50  Probe  
  78  5:54  Robotics Facility  
  78  5:56  Probe  
  79  5:58  Pylon  
  79  6:02  Probe, Pylon  
  81  6:06  Probe  
  82  6:12  Forge  
  82  6:14  Probe  
  82  6:17  Probe  
  85  6:24  Probe  
  88  6:26  Probe  
  88  6:28  Probe  
  87  6:35  Gateway  
  87  6:37  Gateway  
  87  6:40  Immortal (Chrono Boost), Gateway  
  87  6:46  Pylon  
  95  6:48  Immortal (Chrono Boost)  
  95  6:52  Sentry x2  
  95  6:53  Pylon, Sentry  
  99  7:03  Pylon  
  98  7:08  Pylon  
  98  7:18  Immortal (Chrono Boost)  
  97  7:25  Stalker  
  97  7:26  Stalker  
  93  7:35  Zealot  
  93  7:36  Zealot  
  90  7:37  Mothership Core  
  83  7:48  Immortal (Chrono Boost)  
  75  7:54  Zealot  
  75  7:55  Zealot x2  
  77  8:01  Zealot x2  
  77  8:02  Protoss Ground Weapons Level 1  
  81  8:10  Pylon  
  81  8:12  Pylon  
  75  8:20  Zealot x3  
  81  8:28  Immortal (Chrono Boost)  
  85  8:38  Zealot x2  
  89  8:46  Probe  
  90  8:48  Pylon  
  90  8:50  Zealot  
  90  8:53  Zealot  
  94  9:03  Pylon  
  94  9:06  Probe  
  99  9:10  Immortal (Chrono Boost)  
  99  9:22  Cybernetics Core  
  99  9:23  Zealot x2  
  103  9:27  Observer (Chrono Boost)  
  104  9:33  Zealot x2  
  108  9:44  Pylon  
  108  9:46  Pylon  
  108  9:59  Zealot  
  110  10:04  Pylon  
  110  10:06  Sentry x4  
  118  10:24  Probe  
  118  10:26  Assimilator  
  118  10:27  Assimilator  
  119  10:36  Probe  
  119  10:37  Probe  
  119  10:41  Zealot x4  
  119  10:42  Zealot  
  131  10:43  Warp Prism (Chrono Boost)  
  131  10:48  Probe  
Show
View Real Time Build Order
Export as new Build Order

Nerchio Zerg - Winner!

Build Orders: Hatch First 

Get SALT Encoding   

  12  0:00  Drone  
  13  0:12  Overlord  
  13  0:18  Drone  
  14  0:30  Drone x2  
  14  0:35  Drone  
  17  0:52  Hatchery  
  17  0:54  Drone  
  17  0:58  Drone  
  18  1:04  Extractor  
  17  1:14  Spawning Pool  
  17  1:17  Drone  
  17  1:21  Drone  
  18  1:28  Drone  
  19  1:38  Overlord  
  19  1:49  Drone  
  20  2:00  Queen, Zergling x2  
  23  2:03  Queen  
  23  2:05  Metabolic Boost  
  25  2:08  Zergling x2  
  25  2:12  Drone  
  25  2:15  Drone  
  28  2:21  Drone  
  29  2:25  Drone  
  30  2:39  Drone  
  30  2:41  Drone  
  30  2:42  Hatchery  
  30  2:44  Drone  
  32  2:48  Overlord  
  32  2:56  Drone  
  32  2:58  Zergling x2  
  34  3:01  Queen  
  36  3:08  Zergling x4  
  36  3:09  Drone x2  
  36  3:12  Drone  
  41  3:13  Drone  
  41  3:15  Drone  
  41  3:18  Drone  
  44  3:31  Overlord  
  44  3:34  Overlord x3  
  44  3:45  Overlord  
  44  3:47  Spore Crawler  
  44  3:48  Drone  
  43  3:49  Drone x2  
  43  3:50  Drone  
  46  3:59  Drone x2  
  46  4:00  Drone  
  46  4:02  Roach Warren  
  48  4:13  Queen x3  
  48  4:16  Extractor  
  53  4:28  Drone x3  
  56  4:42  Roach x9  
  74  4:48  Queen  
  74  4:51  Extractor  
  76  4:52  Zergling x2  
  76  4:53  Zergling x4  
  76  4:54  Zergling x2  
  78  5:01  Overlord  
  78  5:03  Lair  
  78  5:06  Drone  
  77  5:09  Queen  
  79  5:18  Zergling x4  
  79  5:19  Overlord  
  81  5:24  Queen  
  83  5:29  Zergling x2  
  83  5:30  Zergling x6  
  87  5:45  Queen  
  87  5:54  Roach, Extractor  
  87  5:55  Roach x5  
  96  6:01  Queen, Nydus Network  
  97  6:09  Overlord  
  97  6:13  Overlord  
  97  6:27  Overlord  
  97  6:30  Overlord  
  97  6:31  Queen x2  
  101  6:33  Ravager x3  
  101  6:34  Ravager  
  101  6:38  Nydus Canal  
  105  6:44  Overlord x2  
  105  6:45  Queen  
  107  6:48  Overlord  
  107  6:50  Zergling x2  
  108  7:01  Ravager x2  
  110  7:02  Zergling x4  
  110  7:10  Ravager  
  110  7:11  Ravager, Zergling x16  
  118  7:17  Queen  
  118  7:21  Zergling x4  
  116  7:27  Zergling x2  
  86  7:46  Roach x5  
  86  7:51  Roach  
  94  7:55  Roach  
  94  7:56  Roach x5  
  101  8:01  Roach x2  
  101  8:04  Roach  
  107  8:11  Roach x2  
  111  8:14  Roach  
  112  8:24  Drone x2  
  112  8:25  Drone x3  
  111  8:40  Drone  
  111  8:41  Drone x2  
  114  8:42  Drone  
  114  8:44  Queen  
  114  8:47  Drone x2  
  118  8:52  Spire  
  118  8:53  Drone x3  
  118  8:55  Drone, Extractor  
  120  8:57  Extractor  
  120  9:00  Drone x2  
  121  9:04  Zergling x2  
  121  9:08  Zergling x2  
  123  9:13  Zergling x2  
  123  9:16  Drone  
  125  9:20  Drone  
  126  9:32  Hatchery  
  126  9:33  Drone x2  
  126  9:36  Overlord  
  126  9:37  Queen  
  129  9:40  Queen  
  127  9:46  Overlord x2  
  127  9:50  Overseer  
  125  10:03  Overseer  
  123  10:22  Mutalisk x8  
  123  10:23  Mutalisk x2  
  141  10:31  Mutalisk  
  141  10:34  Mutalisk x2  
  147  10:43  Mutalisk x2  
  147  10:45  Overlord  
  147  10:49  Mutalisk  
  151  10:52  Extractor  
  151  10:53  Extractor  
  151  10:54  Overlord  
  153  11:01  Overlord  
  153  11:02  Overlord  

Tags
 
Add a new tag
Caveats
  • Supply blocks, unpowered buildings, or Contaminate may cause inaccurate times.
  • Supply counts are checked every 10 seconds.